 Dungeon Crawl Stone Soup version 0.30-b1-2-g02819fbbbe (webtiles) character file.

Game seed: 8955844357892714808

63088 raph the Gelid (level 15, -19/117 HPs)
             Began as a Merfolk Ice Elementalist on May 14, 2023.
             Was an Elder of Sif Muna.
             Collided with a rock wall (24 damage)
             ... caused by a wretched star
             ... on level 1 of the Abyss.
             The game lasted 00:58:56 (30616 turns).

raph the Gelid (Merfolk Ice Elementalist)          Turns: 30616, Time: 00:58:57

Health: -19/117    AC:  6    Str:  8    XL:     15   Next: 8%
Magic:  23/27      EV: 32    Int: 32    God:    Sif Muna [****..]
Gold:   315        SH:  5    Dex: 16    Spells: 1/31 levels left

rFire   + + .        b - +6 rapier of Joyful Slaughter {vamp, +Blink rF+ rC+++ Stlth-}
rCold   + + +        H - +0 buckler
rNeg    . . .        y - +0 leather armour "Luoqaigi" {Int+5}
rPois   .            (no helmet)
rElec   .            w - +0 cloak
rCorr   .            c - +0 pair of gloves
SInv    .            L - +0 pair of boots
Will    +....        q - amulet of the acrobat
Stlth   +            O - +6 ring of intelligence
HPRegen 0.39/turn    d - ring of protection from fire
MPRegen 0.20/turn

%: acrobat
@: about to teleport, acrobatic
A: (nimble swimmer 2), mertail
a: Renounce Religion, Evoke Blink, Channel Magic, Forget Spell, Divine Exegesis


You were on level 1 of the Abyss.
You worshipped Sif Muna.
Sif Muna was greatly pleased with you.
You visited 3 branches of the dungeon, and saw 17 of its levels.
You visited the Abyss 1 time.
You also visited: Ossuary and Bailey.

You collected 1190 gold pieces.
You spent 875 gold pieces at shops.

Inventory:

Hand Weapons
 b - the +6 rapier of Joyful Slaughter (weapon) {vamp, +Blink rF+ rC+++ Stlth-}
   (You found it on level 7 of the Dungeon)

   rF:        It protects you from fire.
   rC:        It renders you almost immune to cold.
   +Blink:    It lets you blink.
   Stlth:     It makes you less stealthy.
 Y - a +3 antimagic bardiche
Missiles
 e - 35 poisoned darts
 v - 2 throwing nets
 x - 6 datura-tipped darts
 z - 3 curare-tipped darts
Armour
 c - a +0 pair of gloves (worn)
 f - the +5 robe of Night {Dark Will+ SInv}
   (You found it on level 9 of the Dungeon)

   Dark:      It shrouds the wearer in darkness, reducing the range at which
   they can see and be seen by others.
   SInv:      It lets you see invisible.
   Will:      It increases your willpower.
 l - +0 ice dragon scales
 w - a +0 cloak (worn)
 y - the +0 leather armour "Luoqaigi" (worn) {Int+5}
   (You bought it in a shop on level 1 of the Dungeon)

   Int:       It affects your intelligence (+5).
 H - a +0 buckler (worn)
 L - a +0 pair of boots (worn)
Jewellery
 d - a ring of protection from fire (right hand)
 o - an amulet of reflection
 q - an amulet of the acrobat (around neck)
 J - a ring of ice
 O - a +6 ring of intelligence (left hand)
 S - a ring of flight
Wands
 a - a wand of digging (8)
 k - a wand of paralysis (14)
 K - a wand of iceblast (10)
 P - a wand of polymorph (7)
 R - a wand of flame (14)
Scrolls
 g - 5 scrolls of enchant weapon
 m - 3 scrolls of fog
 u - 5 scrolls of immolation
 F - 2 scrolls of silence
 G - 4 scrolls of teleportation
 T - a scroll of magic mapping
 U - 2 scrolls of identify
 Z - a scroll of summoning
Potions
 h - 7 potions of curing
 i - 5 potions of lignification
 j - a potion of magic
 n - 3 potions of attraction
 p - 3 potions of mutation
 r - a potion of cancellation
 s - 6 potions of flight
 t - 3 potions of heal wounds
 C - 3 potions of might
 D - 4 potions of haste
 E - a potion of resistance
 I - 5 potions of brilliance
 Q - 2 potions of berserk rage
Miscellaneous
 N - a box of beasts
 W - a phial of floods
 X - a lightning rod (4/4)


   Skills:
 + Level 10.5 Fighting
 - Level 1.5 Polearms
 + Level 12.8 Dodging
 - Level 2.1 Stealth
 - Level 4.5 Shields
 + Level 8.7 Spellcasting
 + Level 8.2 Conjurations
 - Level 6.4 Summonings
 * Level 15.0 Ice Magic
 - Level 5.5 Air Magic
 + Level 8.1 Invocations


You had one spell level left.
You knew the following spells:

 Your Spells              Type           Power      Damage    Failure   Level
a - Freeze                Ice            100%       1d10      0%          1
b - Frozen Ramparts       Ice            100%       1d16      1%          3
c - Ozocubu's Armour      Ice            83%        N/A       1%          3
d - Summon Ice Beast      Ice/Summ       70%        N/A       1%          4
e - Freezing Cloud        Conj/Ice/Air   33%        6-21      4%          5
f - Ozocubu's Refrigerat  Ice            41%        4d16      14%         7
g - Hailstorm             Conj/Ice       73%        3d15      1%          3
h - Summon Guardian Gole  Hex/Summ       34%        N/A       6%          3
i - Summon Small Mammal   Summ           100%       N/A       1%          1

Your spell library contained the following spells:

 Spells                   Type           Power      Damage    Failure   Level
 Magic Dart               Conj           100%       1d8       1%          1
 Apportation              Tloc           26%        N/A       8%          1
 Necrotise                Necr           52%        1d6       8%          1
 Slow                     Hex            52%        N/A       8%          1
 Call Canine Familiar     Summ           53%        N/A       1%          3
 Ice Form                 Ice/Tmut       58%        N/A       3%          4
 Stone Arrow              Conj/Erth      80%        3d12      4%          3
 Cigotuvi's Dreadful Rot  Necr/Pois/Air  50%        N/A       5%          2
 Summon Lightning Spire   Summ/Air       51%        N/A       6%          4
 Iskenderun's Battlesphe  Conj           61%        2d11      7%          5
 Sticky Flame             Conj/Fire      40%        2d6       14%         4
 Animate Armour           Summ/Erth      68%        N/A       21%         4
 Confusing Touch          Hex            13%        N/A       22%         3
 Ignite Poison            Fire/Tmut/Pois 13%        N/A       22%         3
 Vampiric Draining        Necr           13%        2d6       22%         3
 Irradiate                Conj/Tmut      20%        3d18      36%         5
 Simulacrum               Ice/Necr       29%        N/A       47%         6
 Anguish                  Hex/Necr       6%         N/A       58%         4
 Cause Fear               Hex            6%         N/A       58%         4
 Manifold Assault         Tloc           13%        N/A       58%         4
 Summon Cactus Giant      Summ           26%        N/A       63%         6
 Agony                    Necr           13%        N/A       91%         5
 Alistair's Intoxication  Tmut/Pois      8%         N/A       91%         5
 Monstrous Menagerie      Summ           26%        N/A       99%         7
 Dispersal                Tloc           6%         N/A       100%        6
 Enfeeble                 Hex            6%         N/A       100%        7
 Storm Form               Tmut/Air       15%        N/A       100%        7
 Disjunction              Tloc           6%         N/A       100%        8
 Ignition                 Fire           6%         3d4       100%        8
 Lehudib's Crystal Spear  Conj/Erth      20%        10d6      100%        8
 Maxwell's Capacitive Co  Air            24%        ∞         100%        8


Dungeon Overview and Level Annotations

Branches:
Dungeon (11/15)            Temple (1/1) D:6            Lair (5/5) D:8
  Swamp (0/4) Lair:3        Snake (0/4) Lair:2        Slime (0/5) Lair:4
Ossuary (visited)          Bailey (visited)
    Orc: D:9-12

Altars:
Ashenzari
Cheibriados
Dithmenos
Elyvilon
Fedhas
Gozag
Hepliaklqana
Kikubaaqudgha
Makhleb
Nemelex Xobeh
Okawaru
Qazlal
Ru
Sif Muna
Trog
Uskayaw
Vehumet
Wu Jian
Xom
Yredelemnul
Zin
The Shining One
Jiyva

Shops:
D:1 [*!(:   D:7 *   D:10 :

Annotations:
D:7 2 transporters, Arcadio's ghost, novice MiGl
D:11 Erolcha
Lair:1 3 runed translucent doors, Mesmaeker13's ghost, journeyman OpTm


Innate Abilities, Weirdness & Mutations

((You are very nimble when in or above water. (Stealth+, EV+, Speed+++)))
Your lower body shifts to a powerful aquatic tail in water.


Message History

Your ice beast hits the cyan very ugly thing but does no damage.
The cyan very ugly thing tail-slaps your ice beast.
The cyan very ugly thing shocks your ice beast!!
Your ice beast hits the cyan very ugly thing but does no damage.
You hear an explosion!
Aiming: Dig
Press: ? - help, Shift-Dir - straight line A rock wall.
The rock shatters into small pieces.
A tentacled starspawn comes into view.
A tentacle flies out from the starspawn's body!
A starspawn tentacle comes into view.
A wretched star comes into view.
The wretched star glows turbulently.
The lance of force misses you. The starspawn tentacle grabs you.
The starspawn tentacle constricts you.
A starspawn tentacle comes into view.
As you read the scroll of teleportation, it crumbles to dust.
You feel strangely unstable.
You feel the power of the Abyss delaying your translocation!
The starspawn tentacle loses its grip on you.
The tentacle pulls you backwards! The starspawn tentacle grabs you.
The starspawn tentacle constricts you.
You escape the starspawn tentacle's grasp.
The wretched star glows turbulently.
The lance of force hits you!
* * * LOW HITPOINT WARNING * * *
You are knocked back by the lance of force.
You slam into the metal wall!
* * * LOW HITPOINT WARNING * * *
The wretched star glows turbulently.
The lance of force misses you.
You feel much better.
You block the starspawn tentacle's attack.
The wretched star glows turbulently.
The lance of force hits you!!
* * * LOW HITPOINT WARNING * * *
You are knocked back by the lance of force.
You slam into the rock wall!
You die...

##. .. .. .##
#####... # #
#..@#.#
#.#.###..#
#...w.#..# #.
##..#.....#
#.##X.*##.#..#
#.#│──###...#
#
#...##.####..
. #...#.#
#.#..
#.###.####.#..


You could see a wretched star.

Vanquished Creatures
  Josephine (Lair:5)
  6 hydras
  An ogre mage (D:10)
  2 two-headed ogres
  12 death yaks
  Sonja (D:10)
  2 skysharks (Lair:5)
  A goliath frog (Lair:5)
  A lindwurm (Lair:2)
  A salamander (Lair:2)
  6 elephants
  3 black mambas
  2 torpor snails
  24 cane toads
  3 rime drakes
  2 kobold demonologists (D:10)
  7 komodo dragons
  2 polar bears
  A hornet (D:10)
  30 blink frogs
  4 dream sheep
  3 spriggans (Bailey)
  2 wraiths (Lair:5)
  Sigmund (D:6)
  8 wyverns
  47 yaks
  A shadow (D:9)
  5 basilisks
  2 steam dragons
  4 vampire mosquitoes (Lair:5)
  19 water moccasins
  11 ogres
  A swamp drake (D:8)
  A sky beast (D:7)
  4 orc warriors
  14 wolves
  3 centaurs
  A phantom (D:5)
  An elf zombie (Ossuary)
  3 kobold brigands
  19 bullfrogs
  A necrophage (D:9)
  4 gnoll sergeants
  4 wights
  4 killer bees (D:9)
  2 howler monkeys
  2 electric eels (Lair:5)
  4 lava snakes (Lair:2)
  5 centaur zombies
  2 human zombies
  4 jellies
  3 hounds
  Crazy Yiuf (D:5)
  2 gnoll boudas
  3 orc priests
  A sleepcap (D:7)
  5 iguanas
  8 orc wizards
  An ogre zombie (Ossuary)
  11 mummies
  18 gnolls
  4 adders
  A shadow imp (D:8)
  2 white imps
  2 ufetubi (D:5)
  3 adder zombies (Ossuary)
  4 worms
  A dart slug (D:1)
  29 orcs
  6 endoplasms
  A giant cockroach (D:2)
  A gnoll zombie (Ossuary)
  8 goblins
  4 hobgoblins
  4 jackals
  15 kobolds
  3 quokkas (D:1)
  7 ball pythons
  9 bats
  5 frilled lizards
  2 goblin zombies (Ossuary)
  6 hobgoblin zombies (Ossuary)
  3 kobold zombies (Ossuary)
  2 quokka zombies (Ossuary)
  7 rats
  6 rat zombies (Ossuary)
  3 butterflies (Lair:4)
485 creatures vanquished.

Vanquished Creatures (collateral kills)
  A catoblepas (Lair:3)
  A two-headed ogre (Bailey)
  2 death yaks (Lair:4)
  2 elephants (Lair:3)
  A cane toad (Lair:5)
  3 blink frogs
  2 dream sheep (D:9)
  2 shadows
  2 slime creatures (Lair:4)
  A wraith (Lair:5)
  2 yaks (Lair:5)
  A vampire mosquito (Lair:5)
  An ogre (Bailey)
  A wolf (Lair:2)
  A necrophage (D:9)
  3 wights
  A killer bee (D:9)
  A sleepcap (D:7)
  A gnoll (D:6)
29 creatures vanquished.

Vanquished Creatures (others)
  3 death yaks (Lair:4)
  An ogre (D:10)
  A wight (D:9)
  A mummy (D:9)
  50 fungi
  117 plants
  A starspawn tentacle (Abyss:1)
174 creatures vanquished.

Grand Total: 688 creatures vanquished

Notes
Turn   | Place    | Note
-------+----------+-------------------------------------------
     0 | D:1      | raph the Merfolk Ice Elementalist began the quest for the
                  | Orb.
     0 | D:1      | Reached XP level 1. HP: 13/13 MP: 3/3
   132 | D:1      | Found Nore Xekk's Book Boutique.
   214 | D:1      | Found Halittiq's Weapon Boutique.
   223 | D:1      | Reached XP level 2. HP: 19/19 MP: 3/5
   346 | D:1      | Reached skill level 5 in Ice Magic
   360 | D:1      | Found Todut's Distillery.
   403 | D:1      | Found Ates Qiph's Assorted Antiques.
   425 | D:1      | Bought a potion of curing for 30 gold pieces
   650 | D:1      | Reached XP level 3. HP: 19/24 MP: 0/6
   705 | D:1      | Learned a level 3 spell: Frozen Ramparts
   879 | D:1      | Found Wud Toco's Armour Emporium.
  1118 | D:1      | Bought a potion of heal wounds for 50 gold pieces
  1364 | D:2      | Found a hazy altar of Hepliaklqana.
  1435 | D:2      | Reached skill level 6 in Ice Magic
  1519 | D:2      | Reached XP level 4. HP: 9/30 MP: 1/7
  1605 | D:2      | Learned a level 3 spell: Ozocubu's Armour
  1617 | D:2      | Found a faded altar of an unknown god.
  3207 | D:4      | Noticed an ogre
  3226 | D:4      | Killed an ogre
  3227 | D:4      | Reached skill level 7 in Ice Magic
  3227 | D:4      | Reached XP level 5. HP: 35/35 MP: 2/8
  3442 | D:4      | Found a sand-covered staircase.
  3452 | Ossuary  | Entered an ossuary
  3463 | Ossuary  | Reached XP level 6. HP: 41/41 MP: 9/9
  3833 | Ossuary  | Reached skill level 1 in Fighting
  3833 | Ossuary  | Reached skill level 8 in Ice Magic
  4322 | Ossuary  | Reached XP level 7. HP: 50/50 MP: 7/10
  4658 | Ossuary  | HP: 2/76 [mummy (13)]
  5762 | D:4      | Reached skill level 5 in Dodging
  5878 | D:5      | Entered Level 5 of the Dungeon
  6030 | D:1      | Bought the +0 leather armour "Luoqaigi" {Int+5} for 214
                  | gold pieces
  6238 | D:5      | Reached XP level 8. HP: 51/58 MP: 4/11
  6396 | D:5      | Learned a level 4 spell: Summon Ice Beast
  6516 | D:5      | Reached skill level 9 in Ice Magic
  6890 | D:5      | Found a runed translucent door.
  6891 | D:5      | Noticed Crazy Yiuf
  6979 | D:5      | Killed Crazy Yiuf
  7105 | D:6      | Reached skill level 1 in Summonings
  7248 | D:6      | Noticed Sigmund
  7255 | D:6      | Killed Sigmund
  7370 | D:6      | Found a staircase to the Ecumenical Temple.
  7381 | Temple   | Entered the Ecumenical Temple
  7394 | Temple   | Became a worshipper of Sif Muna the Loreminder
  7688 | D:6      | Reached skill level 5 in Fighting
  7688 | D:6      | Reached XP level 9. HP: 68/68 MP: 7/14
  8245 | D:7      | Identified the +6 flail of the Magi {spect, Str+3}
  8246 | D:7      | Found a transporter.
  8333 | D:7      | Noticed a moth of wrath
  8351 | D:7      | Found a transporter.
  8354 | D:7      | Identified the +6 rapier of Joyful Slaughter {vamp, +Blink
                  | rF+ rC+++ Stlth-}
  8354 | D:7      | Noticed Arcadio's ghost (novice MiGl)
  8607 | D:7      | Found a flagged portal.
  8618 | Bailey   | Entered a bailey
  8649 | Bailey   | Reached skill level 10 in Ice Magic
  8802 | Bailey   | Noticed a two-headed ogre
  8927 | Bailey   | Killed a two-headed ogre
  8928 | Bailey   | Reached skill level 5 in Spellcasting
  8928 | Bailey   | Reached XP level 10. HP: 77/77 MP: 6/17
  9004 | Bailey   | Reached * piety under Sif Muna
  9127 | D:7      | Found Relousm's Assorted Antiques.
  9134 | D:7      | Bought a scroll labelled KEAZIC LUCVE for 21 gold pieces
  9239 | D:7      | Found an opulent altar of Gozag.
  9950 | D:7      | Reached skill level 1 in Polearms
 10105 | D:7      | Reached skill level 1 in Invocations
 10931 | D:8      | Reached skill level 5 in Summonings
 10938 | D:8      | Reached skill level 11 in Ice Magic
 10950 | D:8      | Found a shimmering altar of Xom.
 10950 | D:8      | Found a broken altar of Ashenzari.
 11029 | D:8      | Found a glowing golden altar of the Shining One.
 11653 | D:8      | Reached XP level 11. HP: 76/84 MP: 12/19
 11747 | D:8      | Found a staircase to the Lair.
 12030 | Lair:1   | Entered Level 1 of the Lair of Beasts
 12193 | D:8      | Reached ** piety under Sif Muna
 12625 | Lair:1   | Reached skill level 10 in Dodging
 12627 | Lair:1   | Reached skill level 12 in Ice Magic
 13159 | Lair:1   | Learned a level 5 spell: Freezing Cloud
 13170 | Lair:1   | Noticed a death yak
 13170 | Lair:1   | Noticed a death yak
 13199 | Lair:2   | Noticed a lindwurm
 13214 | Lair:2   | Killed a lindwurm
 13215 | Lair:2   | Reached skill level 1 in Conjurations
 13215 | Lair:2   | Reached skill level 1 in Air Magic
 13215 | Lair:2   | Reached XP level 12. HP: 67/94 MP: 15/22
 13656 | Lair:2   | Reached *** piety under Sif Muna
 13767 | Lair:2   | Noticed a death yak
 13780 | Lair:2   | Noticed a death yak
 13993 | Lair:1   | Noticed a seven-headed hydra
 14083 | Lair:1   | Found a runed translucent gate.
 14083 | Lair:1   | Found a runed translucent gate.
 14083 | Lair:1   | Found a runed translucent gate.
 14084 | Lair:1   | Noticed a minotaur
 14088 | Lair:1   | Noticed Mesmaeker13's ghost (journeyman OpTm)
 14465 | Lair:1   | Reached skill level 13 in Ice Magic
 15062 | Lair:1   | Noticed a death yak
 15064 | Lair:1   | Noticed a death yak
 15088 | Lair:1   | Killed a death yak
 15095 | Lair:1   | Killed a death yak
 15096 | Lair:1   | Killed a death yak
 15104 | Lair:1   | Killed a death yak
 15105 | Lair:1   | Reached skill level 5 in Conjurations
 15105 | Lair:1   | Reached skill level 5 in Air Magic
 15511 | Lair:2   | Found a staircase to the Snake Pit.
 15705 | Lair:2   | Killed a death yak
 15706 | Lair:2   | Reached skill level 5 in Invocations
 15711 | Lair:2   | Killed a death yak
 15712 | Lair:2   | Reached XP level 13. HP: 86/99 MP: 20/23
 15971 | Lair:2   | Learned a level 3 spell: Call Canine Familiar
 16264 | D:1      | Bought a book of the Tundra for 320 gold pieces
 16268 | D:1      | Learned a level 3 spell: Hailstorm
 16272 | D:1      | Learned a level 3 spell: Summon Guardian Golem
 17097 | Lair:3   | Reached skill level 1 in Shields
 17468 | Lair:3   | Found a staircase to the Swamp.
 17776 | Lair:3   | HP: 3/99 [elephant (10)]
 19409 | Lair:4   | Reached **** piety under Sif Muna
 19724 | Lair:4   | Found a viscous altar of Jiyva.
 19724 | Lair:4   | Found a staircase to the Slime Pits.
 19904 | Lair:4   | You fall into a shaft and drop 1 floor!
 19904 | Lair:5   | Entered Level 5 of the Lair of Beasts
 20212 | Lair:4   | Reached skill level 14 in Ice Magic
 20223 | Lair:4   | Reached XP level 14. HP: 108/108 MP: 2/25
 22591 | D:1      | Bought Ozocubu's Autobiography for 240 gold pieces
 23836 | Lair:5   | Reached skill level 10 in Fighting
 24305 | Lair:5   | Learned a level 7 spell: Ozocubu's Refrigeration
 25124 | Lair:5   | Noticed Josephine
 25131 | Lair:5   | Killed Josephine
 26327 | D:9      | Reached ***** piety under Sif Muna
 27005 | D:9      | Received a gift from Sif Muna
 27224 | D:9      | Got Sif Muna's Excursus on Assembled Blasting {god gift}
 27772 | D:9      | Found the +5 robe of Night {Dark Will+ SInv}
 28941 | D:9      | Found an ancient bone altar of Kikubaaqudgha.
 29125 | D:10     | Entered Level 10 of the Dungeon
 29129 | D:10     | Noticed Sonja
 29131 | D:10     | Killed Sonja
 29283 | D:10     | Found Cixt's Book Boutique.
 29341 | D:10     | Paralysed by a hornet for 1 turns
 29562 | D:10     | Reached XP level 15. HP: 79/109 MP: 12/27
 29567 | D:10     | Paralysed by an ogre mage for 4 turns
 30177 | D:10     | Reached skill level 15 in Ice Magic
 30421 | D:11     | Noticed Erolcha
 30424 | Abyss:1  | Cast into level 1 of the Abyss (Erolcha)
 30479 | Abyss:1  | Learned a level 1 spell: Summon Small Mammal
 30609 | Abyss:1  | Noticed a tentacled starspawn
 30616 | Abyss:1  | HP: 5/117 [wretched star/lance of force (33)]
 30616 | Abyss:1  | Collided with a rock wall

Illustrated notes

Levels and vault maps discovered:
D:1:      evilmike_arrival_hilbert_curve, layout_loops_ring, serial_shops, shop,
          shop, shop, nicolae_square_shop, nicolae_shop_stone,
          corexii_hall_statues_u, minmay_hexomino_u4
D:2:      layout_rooms, basic_altar,
          dreamdust_ecumenical_altar_angels_and_demons
D:3:      layout_basic
D:4:      layout_basic, nicolae_ossuary_entry_ruins
D:5:      layout_cave_pools, grunt_ministairs_2, hangedman_minor_gate_pass,
          uniq_crazy_yiuf_cottage
D:6:      layout_basic, temple_pool_b, uniq_sigmund
D:7:      layout_loops_ring, lemuel_crystal_altar, serial_shops, shop,
          enter_bailey_2, gammafunk_ghost_berserking_beasts
D:8:      layout_loops_ring, chequers_temple_overflow_statue_of_worship,
          erik_lair_dragon
D:9:      layout_layer_cave, lemuel_mausoleum_altar_kikubaaqudgha, minivault_23,
          hellmonk_guarded_unrand_night
D:10:     layout_loops_ring, serial_shops, shop, chequers_serial_rivers_room_b,
          uniq_sonja
D:11:     layout_cave_pools, minivault_7, uniq_erolcha, uniq_harold, uniq_lodul
Temple:   sentei_temple_godly_chess
Lair:1:   layout_gridlike, maelrawn_ghost_gauntlet_escape, serial_rivers,
          chequers_serial_rivers_room_a, chequers_serial_rivers_marsh,
          chequers_serial_rivers_micro_e, chequers_serial_rivers_marsh,
          nzn_random_ring
Lair:2:   layout_loops_ring, nicolae_snake_entry_warm_welcome, special_room,
          nicolae_quartered_pool_impasse, infiniplex_staircase_pool
Lair:3:   layout_cave_pods, swamp_mist, serial_bayou_shore_a,
          lemuel_fruit_fields
Lair:4:   layout_loops_ring, minmay_slime_entry_pillars, lemuel_fruit_fields
Lair:5:   minmay_lair_end_frog_pond, layout_long_grid, st_stairs_5,
          grunt_forest_stairs_basic, uniq_josephine
Abyss:1:  base: D:3, base:
D:15

Skill      XL: |  1  2  3  4  5  6  7  8  9 10 11 12 13 14 15 |
---------------+----------------------------------------------+-----
Ice Magic      | 5 6 7 8 9 10 11 12 13 14 15 | 15.0
Dodging        | 4 5 6 8 9 10 11 12 | 12.8
Fighting       | 2 3 5 6 7 8 9 10 | 10.5
Spellcasting   | 3 5 6 7 8 |  8.7
Summonings     | 2 4 5 6 |  6.4
Polearms       | 1 |  1.5
Invocations    | 3 4 5 6 8 |  8.1
Conjurations   | 1 5 7 8 |  8.2
Air Magic      | 1 5 |  5.5
Shields        | 3 4 |  4.5
Stealth        | |  2.1

Action                     |  1- 3 |  4- 6 |  7- 9 | 10-12 | 13-15 || total
---------------------------+-------+-------+-------+-------+-------++-------
  Melee: Unarmed           |     2 |       |       |       |       ||     2
         Short sword       |    29 |     4 |       |       |       ||    33
         Long sword        |       |   164 |   112 |       |       ||   276
         Punch             |       |     2 |     2 |       |       ||     4
         Rapier            |       |       |     3 |   169 |   226 ||   398
         Glaive            |       |       |     3 |    32 |       ||    35
         Tailslap          |       |       |       |     1 |     1 ||     2
  Throw: Dart              |       |     5 |     4 |       |       ||     9
         Throwing net      |       |       |     2 |       |       ||     2
   Cast: Freeze            |    33 |       |     1 |    24 |    16 ||    74
         Frozen Ramparts   |    10 |    18 |    37 |    55 |    38 ||   158
         Ozocubu's Armour  |       |    17 |    24 |    25 |    24 ||    90
         Summon Ice Beast  |       |       |     4 |    17 |    28 ||    49
         Freezing Cloud    |       |       |       |    11 |   119 ||   130
         Summon Guardian G |       |       |       |       |    11 ||    11
         Call Canine Famil |       |       |       |       |     1 ||     1
         Ozocubu's Refrige |       |       |       |       |    16 ||    16
         Summon Small Mamm |       |       |       |       |     3 ||     3
 Invoke: Channel Magic     |       |       |       |     1 |     7 ||     8
         Forget Spell      |       |       |       |       |     1 ||     1
  Evoke: Wand              |       |       |     4 |     1 |     1 ||     6
    Use: Scroll            |       |     8 |    13 |     6 |     4 ||    31
         Potion            |       |       |     6 |     7 |     2 ||    15
   Stab: Sleeping          |       |     2 |       |       |       ||     2
         Distracted        |       |       |       |     1 |     2 ||     3
 Armour: Robe              |    12 |    60 |    22 |       |       ||    94
         Skin              |       |       |    10 |       |       ||    10
         Leather armour    |       |       |    22 |    67 |    66 ||   155
  Dodge: Dodged            |    36 |    96 |   142 |   265 |   273 ||   812
  Block: Other             |       |    25 |    17 |       |       ||    42
         Buckler           |       |       |       |    36 |    78 ||   114
